[Event "Titled Tuesday Blitz August 1 Early 2023"]
[White "Djordjevic, Vuk"]
[Black "Carlsen, Magnus"]
[WhiteFideId "902098"]
[BlackFideId "1503014"]
[WhiteElo "2741"]
[BlackElo "3245"]
[Result "0-1"]
[Round "3"]
[TimeControl "180+1"]
[Date "2023.08.01"]
[WhiteClock "0:00:02"]
[BlackClock "0:00:38"]
[Board "1"]

1. d4 Nc6 2. Nf3 Nf6 3. c4 e5 4. dxe5 Ne4 5. e3 Bb4+ 6. Nbd2 Qe7 7. Bd3 Nxd2 8. Bxd2 Nxe5 9. Nxe5 Bxd2+ 10. Qxd2 Qxe5 11. O-O b6 12. f4 Qe7 13. e4 Bb7 14. Rae1 O-O-O 15. Qc3 f6 16. b4 Rhe8 17. c5 Kb8 18. a4 g5 19. fxg5 fxg5 20. e5 Qe6 21. a5 bxc5 22. bxc5 Ka8 23. a6 Bc6 24. Bxh7 Rb8 25. Rf2 Rf8 26. Rxf8 Rxf8 27. h3 Qa2 28. Be4 Bxe4 29. Rxe4 Qxa6 30. e6 dxe6 31. c6 Qa2 32. Kh2 Qd5 33. Re5 Qd6 34. Kg1 Rb8 35. Re1 a6 36. Ra1 Rb6 37. Qe3 Rxc6 38. Ra5 g4 39. hxg4 Qd1+ 40. Kf2 Qxg4 41. Ra2 Kb7 42. Rd2 Rb6 43. Rc2 Qf5+ 44. Qf3+ Rc6 45. Rb2+ Ka7 46. Kg3 Qe5+ 47. Kh3 Rc3 48. Rb7+ Ka8 49. Rb3+ Rxf3+ 50. Rxf3 0-1


[Site "https://www.chess.com"]

[Event "Titled Tuesday Blitz August 1 Early 2023"]
[White "Naroditsky, Daniel"]
[Black "Idani, Pouya"]
[WhiteFideId "2026961"]
[BlackFideId "12510130"]
[WhiteElo "3109"]
[BlackElo "2736"]
[Result "1-0"]
[Round "3"]
[TimeControl "180+1"]
[Date "2023.08.01"]
[WhiteClock "0:00:26"]
[BlackClock "0:00:18"]
[Board "2"]

1. d4 Nf6 2. Nc3 d5 3. Bf4 c5 4. e4 cxd4 5. Qxd4 Nc6 6. Bb5 Bd7 7. Bxc6 Bxc6 8. e5 Ng8 9. e6 fxe6 10. Nf3 Nf6 11. O-O-O g6 12. Ng5 Qb6 13. Qxb6 axb6 14. Nxe6 Kf7 15. Rhe1 h6 16. f3 g5 17. Bc7 b5 18. a3 Bd7 19. Nxf8 Rhxf8 20. Nxd5 Nxd5 21. Rxd5 Bc6 22. Rf5+ Kg8 23. Rfe5 Rae8 24. Rxe7 Rxe7 25. Rxe7 Rf7 26. Rxf7 Kxf7 27. Kd2 Ke6 28. Kc3 h5 29. Kd4 g4 30. fxg4 hxg4 31. h3 Kf5 32. hxg4+ Kxg4 33. g3 Kf5 34. c4 bxc4 35. Kxc4 Bf3 36. a4 Ke6 37. Kc5 Kd7 38. Kb6 Kc8 39. b4 Bd1 40. a5 Be2 41. b5 Bf3 42. Be5 Bg4 43. a6 bxa6 44. bxa6 Bf3 45. a7 Kd7 46. g4 Ke6 47. Bf4 Kd7 48. g5 Bd5 49. g6 Ke6 50. g7 Kf7 51. Be5 1-0


[Site "https://www.chess.com"]

[Event "Titled Tuesday Blitz August 1 Early 2023"]
[White "Preotu, Razvan"]
[Black "Sarana, Alexey"]
[WhiteFideId "2613280"]
[BlackFideId "24133795"]
[WhiteElo "2734"]
[BlackElo "3103"]
[Result "0-1"]
[Round "3"]
[TimeControl "180+1"]
[Date "2023.08.01"]
[WhiteClock "0:00:04"]
[BlackClock "0:00:16"]
[Board "3"]

1. e4 c5 2. Nf3 d6 3. d4 cxd4 4. Nxd4 Nf6 5. Nc3 a6 6. Be3 e5 7. Nb3 Be6 8. h3 Nbd7 9. Qf3 Rc8 10. O-O-O Rxc3 11. bxc3 Qc7 12. Kb1 Be7 13. g4 h6 14. Rg1 Qxc3 15. Rg3 Qc6 16. Bg2 Nb6 17. Bxb6 Qxb6 18. h4 a5 19. g5 hxg5 20. hxg5 Nh5 21. Rh1 g6 22. Qe3 Qxe3 23. Rxe3 a4 24. Na5 Bxg5 25. Rd3 Ke7 26. Bf3 Ra8 27. Bxh5 gxh5 28. Rxh5 Bf4 29. Nb3 axb3 30. axb3 Rg8 31. f3 Rg1+ 32. Kb2 Bc1+ 33. Ka2 Rg2 34. Kb1 Ba3 35. Rh8 Kd7 36. Ra8 Bc5 37. Rb8 Kc7 38. Re8 Bd4 39. c3 Bb6 40. c4 Rf2 41. Kc1 Bc5 42. Kd1 Bb4 43. Ra8 Rf1+ 44. Ke2 Rb1 45. Ra4 Rb2+ 46. Kd1 Bc5 47. Kc1 Rf2 48. Ra8 f5 49. Re8 Bd7 50. Re7 f4 51. Kd1 b6 52. Ke1 Rb2 53. Kd1 Kc6 54. Kc1 Rf2 55. Kb1 Bh3 56. Rh7 Bf1 57. Rc3 Be2 58. Rh3 Bd4 59. Rc1 Bxf3 0-1


[Site "https://www.chess.com"]

[Event "Titled Tuesday Blitz August 1 Early 2023"]
[White "Firouzja, Alireza"]
[Black "Suyarov, Mukhammadzokhid"]
[WhiteFideId "12573981"]
[BlackFideId "14210495"]
[WhiteElo "3083"]
[BlackElo "2729"]
[Result "1-0"]
[Round "3"]
[TimeControl "180+1"]
[Date "2023.08.01"]
[WhiteClock "0:01:42"]
[BlackClock "0:00:00"]
[Board "4"]

1. d4 e6 2. Nf3 Nf6 3. Bg5 b6 4. Nbd2 Bb7 5. e3 h6 6. Bh4 Be7 7. Bd3 d5 8. c3 O-O 9. O-O Ne4 10. Bxe7 Qxe7 11. Qc2 Nxd2 12. Nxd2 c5 13. Rfe1 Nd7 14. f4 Rac8 15. Nf3 f5 16. Qe2 c4 17. Bc2 a5 18. Kh1 b5 19. Rg1 Kh8 20. g4 b4 21. Rg3 bxc3 22. bxc3 Nf6 23. Ne5 Qe8 24. gxf5 exf5 25. Rag1 Rc7 26. Bxf5 Bc8 27. Bxc8 Qxc8 28. Ng6+ Kg8 29. Nxf8 Kxf8 30. Qg2 Qd7 31. Rg6 Qe7 32. Rxf6+ Qxf6 33. Qxd5 Re7 34. Rg3 g5 35. Kg2 Rf7 36. Qxc4 gxf4 37. exf4 Qxf4 38. Qc5+ Ke8 39. Rg8+ Kd7 40. Qc8+ 1-0


[Site "https://www.chess.com"]

[Event "Titled Tuesday Blitz August 1 Early 2023"]
[White "Skvortsov, Andrei"]
[Black "Bortnyk, Olexandr"]
[WhiteFideId "24108600"]
[BlackFideId "14120828"]
[WhiteElo "2724"]
[BlackElo "3077"]
[Result "0-1"]
[Round "3"]
[TimeControl "180+1"]
[Date "2023.08.01"]
[WhiteClock "0:00:18"]
[BlackClock "0:00:16"]
[Board "5"]

1. Nc3 Nf6 2. e4 d5 3. e5 Nfd7 4. Nxd5 Nxe5 5. Ne3 c5 6. f3 Nbc6 7. Nc4 g6 8. Nxe5 Nxe5 9. Bb5+ Bd7 10. Bxd7+ Qxd7 11. Ne2 Bg7 12. d3 O-O 13. O-O Rfd8 14. Be3 Rac8 15. Nc3 c4 16. d4 Nc6 17. Ne2 Nxd4 18. c3 Nf5 19. Bxa7 Qc7 20. Qa4 Ra8 21. Rad1 Rxd1 22. Rxd1 b5 23. Qxb5 Qxa7+ 24. Kh1 Qxa2 25. Nf4 e6 26. g4 Nh4 27. Qb7 Bf6 28. h3 Qa7 29. Qe4 Rb8 30. Qxc4 Qf2 31. Rf1 Qg3 32. Qc7 Rxb2 33. Qc8+ Kg7 34. Nxe6+ fxe6 35. Qd7+ Kh6 36. g5+ Bxg5 0-1


[Site "https://www.chess.com"]

[Event "Titled Tuesday Blitz August 1 Early 2023"]
[White "Pranesh M"]
[Black "Zhao, Jun"]
[WhiteFideId "35028600"]
[BlackFideId "8602522"]
[WhiteElo "3070"]
[BlackElo "2720"]
[Result "1-0"]
[Round "3"]
[TimeControl "180+1"]
[Date "2023.08.01"]
[WhiteClock "0:01:16"]
[BlackClock "0:00:03"]
[Board "6"]

1. e4 e5 2. Nf3 Nf6 3. d4 Nxe4 4. Bd3 Nc6 5. Nxe5 Nxe5 6. dxe5 Nc5 7. Bc4 d6 8. Qf3 Ne6 9. exd6 Bxd6 10. Nc3 O-O 11. Be3 Bd7 12. O-O-O Bc6 13. Bd5 Bxd5 14. Qxd5 Qc8 15. g3 Rd8 16. Qc4 c6 17. Ne4 Be7 18. Qc3 Rd5 19. Rd3 Rxd3 20. Qxd3 Qd8 21. Rd1 Qxd3 22. Rxd3 Kf8 23. Rd7 b6 24. f4 Ke8 25. Rb7 f5 26. Ng5 Bxg5 27. fxg5 c5 28. c4 Rd8 29. Rxa7 Rd3 30. Bd2 Rf3 31. Rb7 Rf1+ 32. Kc2 Nd4+ 33. Kd3 Rf3+ 34. Be3 g6 35. Rxb6 f4 36. gxf4 Kd7 37. Ke4 Rh3 38. Bxd4 cxd4 39. Kxd4 Rxh2 40. a4 1-0


[Site "https://www.chess.com"]

[Event "Titled Tuesday Blitz August 1 Early 2023"]
[White "Fiorito, Joaquin"]
[Black "Aronian, Levon"]
[WhiteFideId "180173"]
[BlackFideId "13300474"]
[WhiteElo "2720"]
[BlackElo "3059"]
[Result "0-1"]
[Round "3"]
[TimeControl "180+1"]
[Date "2023.08.01"]
[WhiteClock "0:00:15"]
[BlackClock "0:01:57"]
[Board "7"]

1. d4 Nf6 2. c4 g6 3. Nc3 Bg7 4. e4 O-O 5. h3 d6 6. Be3 Nc6 7. Nge2 e5 8. d5 Ne7 9. g4 h5 10. f3 c6 11. Qd2 b5 12. g5 Ne8 13. cxb5 cxd5 14. Nxd5 Nxd5 15. Qxd5 Nc7 16. Qc6 Bd7 17. Qxd6 Nxb5 18. Qd2 Qe7 19. a4 Nd4 20. Nxd4 exd4 21. Bxd4 Bxd4 22. Qxd4 Qxg5 23. Rg1 Qh4+ 24. Qf2 Qf6 25. Bc4 Rac8 26. Bd5 Bxh3 27. Rd1 Rfd8 28. Qg3 Be6 29. Rd2 Bxd5 30. exd5 Rc1+ 31. Kf2 Qb6+ 0-1


[Site "https://www.chess.com"]

[Event "Titled Tuesday Blitz August 1 Early 2023"]
[White "Andreikin, Dmitry"]
[Black "Alamzhi21"]
[WhiteFideId "4158814"]
[WhiteElo "3041"]
[BlackElo "2717"]
[Result "1-0"]
[Round "3"]
[TimeControl "180+1"]
[Date "2023.08.01"]
[WhiteClock "0:00:11"]
[BlackClock "0:00:04"]
[Board "8"]

1. d4 Nf6 2. c4 c5 3. Nf3 e6 4. Nc3 cxd4 5. Nxd4 Nc6 6. e3 d6 7. Be2 Be7 8. O-O O-O 9. b3 Bd7 10. Bb2 Rc8 11. Ndb5 Be8 12. Bf3 a6 13. Nd4 Nxd4 14. Qxd4 Bc6 15. Bxc6 bxc6 16. Rad1 Qa5 17. h3 d5 18. Na4 Rfd8 19. Bc3 Qc7 20. Qd3 Nd7 21. cxd5 cxd5 22. Qxa6 Ra8 23. Qd3 Rdb8 24. Rc1 Qd8 25. Rc2 Ba3 26. Bd4 Nf6 27. Be5 Rb7 28. Qd4 Rb4 29. Qa1 Rb7 30. Rd1 Qe7 31. Bxf6 gxf6 32. Rd4 f5 33. Qd1 Bd6 34. Qf3 Be5 35. Rd1 Kh8 36. Rdc1 Rbb8 37. Nc5 Rg8 38. Nd3 Bd6 39. Nf4 Qg5 40. g3 Qf6 41. a4 Rgb8 42. Rc3 Be5 43. Rc6 Rxb3 44. Rc8+ Rxc8 45. Rxc8+ Kg7 46. Nh5+ Kg6 47. Rg8+ Kh6 48. Nxf6 1-0


[Site "https://www.chess.com"]

[Event "Titled Tuesday Blitz August 1 Early 2023"]
[White "Klukin, Kirill"]
[Black "Pranav, V"]
[WhiteFideId "24199273"]
[BlackFideId "25060783"]
[WhiteElo "2717"]
[BlackElo "3027"]
[Result "0-1"]
[Round "3"]
[TimeControl "180+1"]
[Date "2023.08.01"]
[WhiteClock "0:00:01"]
[BlackClock "0:01:15"]
[Board "9"]

1. d4 Nf6 2. c4 g6 3. Nc3 Bg7 4. Nf3 d6 5. Bf4 O-O 6. e3 Nfd7 7. h3 e5 8. Bh2 Nc6 9. Be2 Re8 10. O-O exd4 11. exd4 Nf8 12. Rc1 Bf5 13. Re1 Bh6 14. Ra1 Nb4 15. Bf1 Qd7 16. Nd5 Nxd5 17. cxd5 Be4 18. Qb3 Bg7 19. Bb5 c6 20. dxc6 bxc6 21. Bc4 d5 22. Bf1 Bxf3 23. Qxf3 Bxd4 24. Rxe8 Rxe8 25. Rb1 Ne6 26. b4 Bb6 27. Be5 Bd4 28. Bg3 Ng5 29. Qd3 Bb6 30. Rd1 Ne4 31. b5 Qf5 32. bxc6 Nxf2 33. Qxf5 Nxd1+ 34. Qf2 Nxf2 35. Bxf2 Rc8 36. Bb5 Kf8 0-1


[Site "https://www.chess.com"]

[Event "Titled Tuesday Blitz August 1 Early 2023"]
[White "Makarian, Rudik"]
[Black "Oleksiyenko, Mykhaylo"]
[WhiteFideId "44105681"]
[BlackFideId "4152417"]
[WhiteElo "3012"]
[BlackElo "2716"]
[Result "1-0"]
[Round "3"]
[TimeControl "180+1"]
[Date "2023.08.01"]
[WhiteClock "0:00:11"]
[BlackClock "0:00:00"]
[Board "10"]

1. d4 d5 2. c4 e6 3. Nf3 Nf6 4. g3 Be7 5. Bg2 O-O 6. O-O c6 7. Nc3 a5 8. Bf4 dxc4 9. Ne5 Nd5 10. Nxc4 Nxf4 11. gxf4 Nd7 12. Rc1 a4 13. e3 Ra7 14. a3 Nb6 15. Nxb6 Qxb6 16. Qc2 Qa5 17. Kh1 Bd7 18. Ne4 g6 19. Nc5 Rd8 20. Rfd1 Be8 21. Bf3 Kf8 22. Kg2 b6 23. Nd3 Rc7 24. Qe2 c5 25. dxc5 bxc5 26. Ne5 Rxd1 27. Rxd1 Qb5 28. Qd2 Rc8 29. Qc3 Kg8 30. h3 Bf6 31. Rc1 Qb3 32. Qxb3 axb3 33. Be2 Bc6+ 34. f3 Bb7 35. Kf2 Rd8 36. Rd1 Rd5 37. e4 Rxd1 38. Bxd1 g5 39. Ke3 gxf4+ 40. Kxf4 c4 41. Nxc4 Ba6 42. Ne5 Bf1 43. Bxb3 Bxh3 44. Bc4 h6 45. b4 Bg2 46. a4 Be7 47. Nd3 Bd6+ 48. e5 Bc7 49. a5 Bf1 50. Ke3 Bxd3 51. Bxd3 h5 52. f4 h4 53. Bf1 Kf8 54. Kd4 Ke7 55. Kc5 Bd8 56. Kc6 1-0


[Site "https://www.chess.com"]

[Event "Titled Tuesday Blitz August 1 Early 2023"]
[White "Ilkhomi, Jaloliddin"]
[Black "Xu, Xiangyu"]
[WhiteFideId "14700948"]
[BlackFideId "8608288"]
[WhiteElo "2712"]
[BlackElo "3007"]
[Result "1/2-1/2"]
[Round "3"]
[TimeControl "180+1"]
[Date "2023.08.01"]
[WhiteClock "0:02:25"]
[BlackClock "0:01:25"]
[Board "11"]

1. Nf3 c5 2. c3 e6 3. d4 Nf6 4. Bf4 b6 5. Nbd2 d5 6. e3 Be7 7. Ne5 O-O 8. Bd3 Bb7 9. Qf3 Nbd7 10. h4 Nxe5 11. dxe5 Nd7 12. Bxh7+ Kxh7 13. Qh5+ Kg8 14. Nf3 f6 15. Ng5 fxg5 16. hxg5 Rf5 17. Qh7+ Kf7 18. Qh5+ Kf8 19. Qh8+ Kf7 20. Qh5+ Kf8 21. Qh8+ Kf7 22. Qh5+ 1/2-1/2


[Site "https://www.chess.com"]

[Event "Titled Tuesday Blitz August 1 Early 2023"]
[White "Gunina, Valentina"]
[Black "Hovhannisyan, Robert"]
[WhiteFideId "4167570"]
[BlackFideId "13302507"]
[WhiteElo "2706"]
[BlackElo "2972"]
[Result "0-1"]
[Round "3"]
[TimeControl "180+1"]
[Date "2023.08.01"]
[WhiteClock "0:00:00"]
[BlackClock "0:00:02"]
[Board "13"]

1. d4 d5 2. c4 c6 3. Nc3 Nf6 4. e3 e6 5. Nf3 Nbd7 6. Be2 b6 7. O-O Bb7 8. b3 Bd6 9. Bb2 O-O 10. Bd3 h6 11. Re1 Re8 12. h3 Rc8 13. Rc1 dxc4 14. bxc4 c5 15. d5 exd5 16. Bf5 d4 17. exd4 Rxe1+ 18. Nxe1 cxd4 19. Nb5 Bb8 20. Bxd4 Bc6 21. Bxf6 Qxf6 22. Bxd7 Rd8 23. Bxc6 Rxd1 24. Rxd1 Qxc6 25. Rd8+ Kh7 26. Rxb8 Qxc4 27. Nxa7 Qc7 28. Re8 Qxa7 29. Re2 Qa6 30. Rd2 Qc4 31. Nf3 g5 32. g4 Qc6 33. Kg2 Kg6 34. Kg3 Qc7+ 35. Kg2 h5 36. Rd5 f6 37. gxh5+ Kxh5 38. Rd4 Qc6 39. Kg3 f5 40. a4 f4+ 41. Kg2 g4 42. Rxf4 gxf3+ 43. Kg3 Kg6 44. h4 Kh6 45. Kg4 Kg7 46. Kg3 Kg6 47. Kg4 Kh6 48. Kg3 Kh5 49. Rf5+ Kg6 50. Rf4 Qa8 51. Kg4 Kg7 52. Kg3 Kh7 53. Kg4 Qd5 54. Kg3 Qd1 55. Kg4 Kg6 56. Kg3 Kh5 57. Rf5+ Kh6 58. Rf4 Kg6 59. Kg4 Qe2 60. Kg3 Kh5 61. Rf5+ Kh6 62. Rf6+ Kg7 63. Rf4 Kg6 64. Rxf3 Qe5+ 65. Kh3 Qe6+ 66. Kh2 Qd6+ 67. Kh3 Qd7+ 68. Kg3 Qxa4 69. Rf4 Qb3+ 70. f3 b5 71. Re4 Kh7 72. Re7+ Kg8 73. Rb7 b4 74. h5 Qc3 75. h6 Qe5+ 76. Kg2 Qg5+ 77. Kf2 Qxh6 78. Rb8+ Kf7 79. Ke2 Qd6 80. Rb7+ Ke8 81. Rb5 Kd7 0-1


[Site "https://www.chess.com"]

[Event "Titled Tuesday Blitz August 1 Early 2023"]
[White "Megaranto, Susanto"]
[Black "only_strong_moves"]
[WhiteFideId "7101384"]
[WhiteElo "2971"]
[BlackElo "2705"]
[Result "1-0"]
[Round "3"]
[TimeControl "180+1"]
[Date "2023.08.01"]
[WhiteClock "0:00:11"]
[BlackClock "0:00:03"]
[Board "14"]

1. e4 e5 2. Nf3 Nc6 3. Bb5 Nf6 4. d3 Bc5 5. O-O d6 6. c3 Bb6 7. Nbd2 O-O 8. h3 h6 9. Nc4 Bd7 10. Ba4 Ne7 11. Bc2 Nh7 12. Nxb6 axb6 13. d4 Ng6 14. Kh2 Kh8 15. dxe5 Nxe5 16. Nd4 c5 17. Ne2 Qc7 18. f4 Nc6 19. Ng3 Ne7 20. Nh5 f5 21. e5 dxe5 22. fxe5 Qxe5+ 23. Bf4 Qd5 24. Bd6 Qf7 25. Nf4 Rfe8 26. Bb3 c4 27. Bxc4 Qxc4 28. Bxe7 Bb5 29. Qd6 Qf7 30. Rfe1 g5 31. Ng6+ Kg7 32. Ne5 Qxe7 33. Qg6+ Kf8 34. Qxb6 Bc6 35. Ng6+ Kg7 36. Nxe7 Rxe7 37. Rxe7+ 1-0


[Site "https://www.chess.com"]

[Event "Titled Tuesday Blitz August 1 Early 2023"]
[White "Bok, Benjamin"]
[Black "Zeynalli, Rashad"]
[WhiteFideId "1017063"]
[BlackFideId "13403320"]
[WhiteElo "2956"]
[BlackElo "2700"]
[Result "1-0"]
[Round "3"]
[TimeControl "180+1"]
[Date "2023.08.01"]
[WhiteClock "0:00:55"]
[BlackClock "0:01:38"]
[Board "15"]

1. d4 d5 2. c4 e6 3. Nc3 Be7 4. cxd5 exd5 5. Bf4 c6 6. e3 Bf5 7. g4 Be6 8. Qb3 Qb6 9. h3 Nd7 10. Nf3 h6 11. Qc2 Ngf6 12. Bd3 c5 13. dxc5 Nxc5 14. Bb5+ Nfd7 15. O-O-O Rc8 16. Kb1 a6 17. Bxd7+ Nxd7 18. Nd4 Bb4 19. Nxd5 Rxc2 20. Nxb6 Rxf2 21. Nxe6 Nxb6 22. Rd8+ Ke7 23. Rxh8 fxe6 24. Rb8 Nd5 25. Be5 Kd7 26. Rc1 1-0


[Site "https://www.chess.com"]

[Event "Titled Tuesday Blitz August 1 Early 2023"]
[White "Hakobyan, Aram"]
[Black "Khachiyan, Melikset"]
[WhiteFideId "13306677"]
[BlackFideId "13300512"]
[WhiteElo "2950"]
[BlackElo "2695"]
[Result "1/2-1/2"]
[Round "3"]
[TimeControl "180+1"]
[Date "2023.08.01"]
[WhiteClock "0:00:03"]
[BlackClock "0:00:15"]
[Board "16"]

1. d4 Nf6 2. c4 c6 3. Bf4 d5 4. e3 g6 5. Nc3 Bg7 6. Nf3 O-O 7. Be2 Bg4 8. Qb3 Qb6 9. O-O Nbd7 10. cxd5 Qxb3 11. axb3 Nxd5 12. Bg3 N7b6 13. h3 Be6 14. Ne4 Nd7 15. Rfc1 h6 16. Ned2 f5 17. Bh2 Bf7 18. Nc4 a6 19. Na5 Ra7 20. Nc4 Re8 21. Nfe5 Nxe5 22. Bxe5 Bf8 23. Kf1 Rd8 24. g3 Raa8 25. h4 e6 26. Na5 Rd7 27. Nc4 g5 28. hxg5 hxg5 29. Kg2 g4 30. Rh1 Bg7 31. Bxg7 Kxg7 32. Ne5 Rc7 33. Bc4 a5 34. Bxd5 cxd5 35. Rhc1 Rac8 36. Rxc7 Rxc7 37. Rxa5 Be8 38. b4 Kf6 39. Rc5 Rh7 40. Kf1 b6 41. Rc8 Bb5+ 42. Ke1 Rh1+ 43. Kd2 Rf1 44. Rc7 Rxf2+ 45. Ke1 Rxb2 46. Rf7+ Kg5 47. Rg7+ Kh5 48. Rb7 Rxb4 49. Rxb6 Rb1+ 50. Kd2 Bd3 51. Rxb1 Bxb1 52. Kc3 Kg5 53. Kb4 f4 54. exf4+ Kf5 55. Kc3 Ke4 56. Nxg4 Kf3 57. Ne5+ Kxg3 58. Kb4 Kxf4 59. Kc5 Bf5 60. Nd7 Ke4 61. Ne5 Ke3 62. Nc6 Ke4 63. Kd6 Kd3 64. Ke5 Kc4 65. Ne7 Bh3 66. Ng6 Bg4 67. Nf4 Bf5 68. Ng2 Bh3 69. Nh4 Bg4 70. Ng6 Bf5 71. Nf4 Bg4 72. Ng6 Bf5 73. Ne7 Bh3 74. Nc8 Bg4 75. Nd6+ Kd3 76. Nb7 Kc4 77. Nc5 Bh3 78. Nd7 Bg4 79. Nf6 Bf5 80. Ne8 Bh3 81. Ng7 Kd3 82. Nh5 Kc4 83. Nf4 Bf5 84. Ng2 Bh3 85. Nf4 Bf5 1/2-1/2


[Site "https://www.chess.com"]

[Event "Titled Tuesday Blitz August 1 Early 2023"]
[White "Voege, Tobias"]
[Black "Terry, Renato"]
[WhiteFideId "1270513"]
[BlackFideId "3803457"]
[WhiteElo "2681"]
[BlackElo "2948"]
[Result "0-1"]
[Round "3"]
[TimeControl "180+1"]
[Date "2023.08.01"]
[WhiteClock "0:00:14"]
[BlackClock "0:01:09"]
[Board "17"]

1. d4 e6 2. c4 Bb4+ 3. Bd2 Bxd2+ 4. Qxd2 Nf6 5. Nc3 d6 6. e4 e5 7. Nf3 Nc6 8. dxe5 Nxe5 9. Nxe5 dxe5 10. Qxd8+ Kxd8 11. O-O-O+ Bd7 12. Be2 c6 13. Rd2 Kc7 14. Rhd1 Be6 15. c5 Nd7 16. b4 a5 17. a3 axb4 18. axb4 Ra3 19. Nb1 Ra4 20. Rb2 Rha8 21. g3 Nf6 22. Nc3 Ra3 23. Kc2 Rxc3+ 24. Kxc3 Nxe4+ 25. Kc2 Nxf2 26. Rf1 Ne4 27. Bd3 Nf6 28. Re1 e4 29. Bf1 Nd5 30. Bg2 f5 31. b5 Ra3 32. Bh3 Ne3+ 33. Kb1 Nc4 34. b6+ Kd7 35. Rf2 g6 36. Bf1 Ne5 37. Rd2+ Ke7 38. Rc1 e3 39. Rb2 g5 40. Be2 f4 41. Rf1 Bf5+ 0-1


[Site "https://www.chess.com"]

[Event "Titled Tuesday Blitz August 1 Early 2023"]
[White "Zakhartsov, Vladimir"]
[Black "Nagare Kaivalya Sandip"]
[WhiteFideId "4145097"]
[BlackFideId "25957929"]
[WhiteElo "2945"]
[BlackElo "2680"]
[Result "0-1"]
[Round "3"]
[TimeControl "180+1"]
[Date "2023.08.01"]
[WhiteClock "0:00:00"]
[BlackClock "0:00:30"]
[Board "18"]

1. d4 Nf6 2. c4 e6 3. Nf3 d5 4. g3 Bb4+ 5. Bd2 Be7 6. Bg2 O-O 7. Bc3 c6 8. Nbd2 b6 9. Qc2 Bb7 10. e4 Nbd7 11. e5 Ne8 12. h4 c5 13. Ng5 g6 14. cxd5 cxd4 15. Bxd4 Rc8 16. Qd3 Nc5 17. Bxc5 Rxc5 18. Nb3 Rxd5 19. Bxd5 Bb4+ 20. Kf1 Bxd5 21. Rh2 Qc7 22. Qd4 Be7 23. Ne4 f6 24. exf6 Nxf6 25. Nc3 Bf3 26. Nd2 Ng4 27. Nxf3 Nxh2+ 28. Nxh2 Bc5 29. Qg4 Rxf2+ 30. Ke1 Rxh2 31. Rd1 Qf7 32. Ne4 Bb4+ 33. Rd2 Bxd2+ 34. Kd1 Qf1+ 35. Kc2 Qc4+ 0-1


[Site "https://www.chess.com"]

[Event "Titled Tuesday Blitz August 1 Early 2023"]
[White "Movahed, Sina"]
[Black "Skliarov, Viktor"]
[WhiteFideId "42520835"]
[BlackFideId "14106736"]
[WhiteElo "2941"]
[BlackElo "2672"]
[Result "1-0"]
[Round "3"]
[TimeControl "180+1"]
[Date "2023.08.01"]
[WhiteClock "0:02:01"]
[BlackClock "0:00:37"]
[Board "19"]

1. Nf3 g6 2. e4 Bg7 3. d4 c6 4. h3 d5 5. e5 h5 6. Bd3 Nh6 7. O-O Bf5 8. c4 e6 9. Nc3 Nd7 10. cxd5 cxd5 11. Nb5 O-O 12. Bxh6 Bxh6 13. Bxf5 gxf5 14. Nd6 Kh7 15. Nxb7 Qb6 16. Nd6 Qxb2 17. Rb1 Qxa2 18. Rb7 Rad8 19. Nh4 Qd2 20. Qxh5 Qg5 21. Qxg5 Bxg5 22. Nf3 Be7 23. Rc1 Bxd6 24. exd6 Nf6 25. Rcc7 Rxd6 26. Rxf7+ Rxf7 27. Rxf7+ Kg6 28. Ne5+ Kg5 29. h4+ Kxh4 30. Rxf6 a5 31. Kh2 a4 32. Rh6+ Kg5 33. Nf7+ 1-0


[Site "https://www.chess.com"]

[Event "Titled Tuesday Blitz August 1 Early 2023"]
[White "Gholami Orimi, Mahdi"]
[Black "Agibileg, Uurtsaikh"]
[WhiteFideId "12558486"]
[BlackFideId "4901606"]
[WhiteElo "2918"]
[BlackElo "2667"]
[Result "0-1"]
[Round "3"]
[TimeControl "180+1"]
[Date "2023.08.01"]
[WhiteClock "0:00:08"]
[BlackClock "0:01:04"]
[Board "20"]

1. c4 Nf6 2. b3 g6 3. Bb2 Bg7 4. e3 O-O 5. Be2 d5 6. cxd5 Nxd5 7. Bxg7 Kxg7 8. Nf3 c5 9. Qc1 b6 10. O-O Bb7 11. d4 cxd4 12. Nxd4 e5 13. Nf3 e4 14. Nd4 Nd7 15. Qb2 Kg8 16. Nd2 Nc5 17. Rac1 Rc8 18. Rc2 Qg5 19. Rfc1 Nb4 20. Qa3 Nxc2 21. Rxc2 a5 22. b4 Nd3 23. Rxc8 Rxc8 24. b5 Rc1+ 25. Nf1 Qc5 26. Qa4 Qc4 27. Qxc4 Rxc4 28. Bd1 Rc1 29. Bb3 Nc5 30. g4 Nxb3 31. axb3 Bd5 32. Kg2 Rd1 33. g5 Rd3 34. Ng3 Bxb3 35. Nxe4 a4 36. Kf3 a3 37. Nd6 a2 38. Ke2 Rxd4 39. exd4 a1=Q 0-1


[Site "https://www.chess.com"]

[Event "Titled Tuesday Blitz August 1 Early 2023"]
[White "Poormosavi, Seyed Kian"]
[Black "Baskakov, Egor"]
[WhiteFideId "12585807"]
[BlackFideId "24197866"]
[WhiteElo "2667"]
[BlackElo "2914"]
[Result "0-1"]
[Round "3"]
[TimeControl "180+1"]
[Date "2023.08.01"]
[WhiteClock "0:00:10"]
[BlackClock "0:00:29"]
[Board "21"]

1. Nf3 Nf6 2. g3 e6 3. Bg2 d5 4. O-O Be7 5. d3 O-O 6. Nbd2 d4 7. c4 c5 8. b4 cxb4 9. a3 bxa3 10. Bxa3 Bxa3 11. Rxa3 Nc6 12. Qa1 e5 13. Rb1 Qc7 14. Ng5 h6 15. Nge4 Nxe4 16. Nxe4 Bg4 17. Qa2 b6 18. c5 bxc5 19. Nxc5 Rab8 20. Rxb8 Nxb8 21. Ra5 a6 22. h3 Bc8 23. Bd5 Bxh3 24. Nxa6 Nxa6 25. Rxa6 Qe7 26. Ra7 Qf6 27. f3 Bf5 28. Kg2 h5 29. Ra6 Qe7 30. Ra7 Qf6 31. Ra6 Qg5 32. Bxf7+ Kh7 33. Ra8 h4 34. Rxf8 Qxg3+ 35. Kh1 h3 36. Rh8+ Kxh8 37. Qa8+ Kh7 38. Qg8+ Kh6 0-1


[Site "https://www.chess.com"]

[Event "Titled Tuesday Blitz August 1 Early 2023"]
[White "Demidov, Mikhail"]
[Black "Tan, Jun Ying"]
[WhiteFideId "4197143"]
[BlackFideId "5710413"]
[WhiteElo "2913"]
[BlackElo "2665"]
[Result "1-0"]
[Round "3"]
[TimeControl "180+1"]
[Date "2023.08.01"]
[WhiteClock "0:01:29"]
[BlackClock "0:01:12"]
[Board "22"]

1. Nf3 c5 2. g3 b6 3. Bg2 Bb7 4. O-O Nf6 5. c4 e6 6. Nc3 Be7 7. Re1 O-O 8. e4 d6 9. d4 cxd4 10. Nxd4 Nbd7 11. b3 Qc7 12. Ndb5 Qb8 13. Bf4 Ne5 14. Qd2 a6 15. Nd4 Ng6 16. Be3 Ng4 17. Bg5 Bxg5 18. Qxg5 N4e5 19. Rad1 Qc7 20. Qe3 Rac8 21. h3 Rfe8 22. Rd2 b5 23. Ndxb5 axb5 24. Nxb5 Qc5 25. Nxd6 Qxe3 26. Rxe3 Red8 27. f4 Nc6 28. e5 Ba8 29. a3 Rb8 30. b4 Nce7 31. Bf1 Nf5 32. Red3 Nge7 33. Nxf5 Rxd3 34. Nxe7+ Kf8 35. Rxd3 Kxe7 36. Kf2 Be4 37. Rd4 Bc6 38. Bg2 Bxg2 39. Kxg2 Ra8 40. Rd3 Rc8 41. c5 Ra8 42. Kf3 f6 43. Ke4 fxe5 44. Kxe5 Rf8 45. Kd4 Rd8+ 46. Kc4 Rf8 47. c6 e5 48. fxe5 Ke6 49. b5 Kxe5 50. b6 1-0


[Site "https://www.chess.com"]

[Event "Titled Tuesday Blitz August 1 Early 2023"]
[White "Aravindh, Chithambaram VR."]
[Black "benny_aizenberg"]
[WhiteFideId "5072786"]
[WhiteElo "2910"]
[BlackElo "2664"]
[Result "1-0"]
[Round "3"]
[TimeControl "180+1"]
[Date "2023.08.01"]
[WhiteClock "0:00:08"]
[BlackClock "0:00:07"]
[Board "23"]

1. e4 c5 2. Nf3 e6 3. g3 Nc6 4. Bg2 d5 5. exd5 exd5 6. O-O Nf6 7. d4 Be7 8. dxc5 Bxc5 9. Bg5 O-O 10. Nbd2 h6 11. Bf4 Nh5 12. Be5 Re8 13. Nb3 Bxf2+ 14. Rxf2 Nxe5 15. Nxe5 Rxe5 16. c4 Nf6 17. cxd5 Qb6 18. h3 Ne4 19. Bxe4 Rxe4 20. Qf3 Qg6 21. Kh2 Re5 22. Rd1 Rf5 23. Qe3 Rxf2+ 24. Qxf2 Bd7 25. Nc5 Qb6 26. Rd2 Bb5 27. a4 Be8 28. d6 Rd8 29. Qd4 Bc6 30. b4 a6 31. g4 Kh7 32. Kg3 g6 33. h4 Be8 34. Qf6 Qxb4 35. Qxd8 Qxd2 36. Qxe8 Qxd6+ 37. Kf3 Qxc5 38. Qxf7+ Kh8 39. Qxb7 Qc3+ 40. Kg2 Qd2+ 41. Kf3 Qd1+ 42. Kf4 Qd4+ 43. Qe4 Qf2+ 44. Ke5 Qxh4 45. Qxg6 Qe1+ 46. Kd6 Qb4+ 47. Kc7 Qc5+ 48. Qc6 Qe7+ 49. Kb6 Qb4+ 50. Kxa6 Kg7 51. Qd7+ Kf6 52. a5 Qc4+ 53. Kb6 Qb4+ 54. Ka6 Qc4+ 55. Qb5 Qxg4 56. Qc6+ Kg5 57. Kb6 Qb4+ 58. Qb5+ Qxb5+ 59. Kxb5 h5 60. a6 h4 61. a7 h3 62. a8=Q Kg4 63. Qh1 Kg3 64. Kc4 h2 65. Kd3 Kf2 66. Qxh2+ Kf1 67. Ke3 Ke1 68. Qh1# 1-0


[Site "https://www.chess.com"]